 Dungeon Crawl Stone Soup version 0.29.1-15-g9cfb28693d (webtiles) character file.

Game seed: 15974900130312302288

245 DemonSlayer the Digger (level 5, -3/35 HPs)
             Began as a Demonspawn Earth Elementalist on Feb 27, 2023.
             Slain by an orc
             ... wielding a +1 hand axe of electrocution
              (5 damage)
             ... on level 3 of the Dungeon.
             The game lasted 00:03:18 (2061 turns).

DemonSlayer the Digger (DsEE)                       Turns: 2061, Time: 00:03:19

Health: -3/35      AC:  2    Str: 11    XL:     5   Next: 83%
Magic:  6/10       EV: 12    Int: 22    God:
Gold:   78         SH:  0    Dex: 13    Spells: 1/11 levels left

rFire   . . .      SeeInvis .   n - +7 whip of Wondrous Power {venom, Drain rPois rCorr Int+6}
rCold   . . .      Faith    .   (no shield)
rNeg    . . .      Spirit   .   a - +0 robe
rPois   +          Reflect  .   (helmet restricted)
rElec   .          Harm     .   (no cloak)
rCorr   +          Rampage  .   (no gloves)
Will    .....                   (no boots)
Stlth   ++........              (no amulet)
HPRegen 0.11/turn               (no ring)
MPRegen 0.12/turn               (no ring)

@: no status effects
A: antennae 2, powered by death 1
a: no special abilities


You were on level 3 of the Dungeon.
You visited 1 branch of the dungeon, and saw 3 of its levels.

You collected 78 gold pieces.

Inventory:

Hand Weapons
 n - the +7 whip of Wondrous Power (weapon) {venom, Drain rPois rCorr Int+6}
   (You found it on level 2 of the Dungeon)

   It poisons the flesh of those it strikes.
   Int:       It affects your intelligence (+6).
   rPois:     It protects you from poison.
   rCorr:     It protects you from acid and corrosion.
   Drain:     It drains your maximum health when unequipped.
Missiles
 m - 4 silver javelins
Armour
 a - a +0 robe (worn)
Scrolls
 c - 2 scrolls of fear {unknown}
 e - a scroll of enchant weapon {unknown}
 i - a scroll of acquirement {unknown}
 j - 2 scrolls of teleportation {unknown}
 k - 2 scrolls of identify {unknown}
 l - a scroll of enchant armour {unknown}
 o - 2 scrolls of noise {unknown}
Potions
 b - 3 potions of magic
 d - a potion of curing {unknown}
 f - 2 potions of heal wounds {unknown}
 g - a potion of haste {unknown}
 h - a potion of berserk rage {unknown}
 p - a potion of ambrosia {unknown}


   Skills:
 + Level 0.1 Fighting
 + Level 0.5 Maces & Flails
 + Level 2.1 Dodging
 + Level 2.1 Stealth
 + Level 3.9 Spellcasting
 + Level 1.0 Transmutations
 + Level 4.5 Earth Magic


You had one spell level left.
You knew the following spells:

 Your Spells              Type           Power      Damage    Failure   Level
a - Sandblast             Erth           48%        2d12      1%          1
b - Passwall              Tmut/Erth      13%        N/A       5%          2
c - Stone Arrow           Conj/Erth      28%        3d8       14%         3
d - Petrify               Tmut/Erth      16%        N/A       34%         4

Your spell library contained the following spells:

 Spells                   Type           Power      Damage    Failure   Level


Dungeon Overview and Level Annotations

Branches:
Dungeon (3/15)

Altars:


Innate Abilities, Weirdness & Mutations

You have a pair of antennae on your head.
You regenerate a little health from kills.


Message History

Things that are here:
a +0 hand axe; a +0 leather armour; an orc corpse The orc barely misses you.
The orc wizard hits you with a +1 dagger of protection.
You're too confused to move!
The orc hits you with a +1 hand axe of electrocution.
The orc wizard barely misses you.
You bump into the rock wall.
The orc barely misses you.
The orc wizard hits you with a +1 dagger of protection.
The orc attacks as you move away! The orc barely misses you.
The orc wizard gestures at you while chanting.
The magic dart hits you!
* * * LOW HITPOINT WARNING * * *
You hit the orc wizard but do no damage.
The orc wizard is poisoned.
The orc wizard is moderately wounded.
The orc closely misses you.
The orc wizard hits you with a +1 dagger of protection.
* * * LOW HITPOINT WARNING * * *
You hit the orc wizard.
The orc wizard looks even sicker.
The orc wizard is heavily wounded.
The orc closely misses you. The orc wizard barely misses you.
The orc attacks as you move away! The orc barely misses you.
You miss the orc wizard.
The orc wizard is severely wounded.
The orc barely misses you. The orc wizard misses you.
The orc wizard hits you with a +1 dagger of protection.
* * * LOW HITPOINT WARNING * * *
The orc misses you.
The orc wizard attacks as you move away!
The orc wizard hits you with a +1 dagger of protection.
* * * LOW HITPOINT WARNING * * *
You kill the orc wizard!
You bump into the rock wall.
The orc barely misses you.
You bump into the rock wall.
You feel less confused. The orc closely misses you.
You closely miss the orc.
The orc hits you with a +1 hand axe of electrocution.
You die...

#..#.......#
.######..#.###.#.####
......#..#.#........#
#.....?......#.#.##.#
#.......).....#.##.#
..........#####.##.#
.###.).#.......##.#
##o###########.# #@#
#.# #.# ##.## #+#
##...## ##.###.##
#.## ##.# #.# #.#
####.## ##†#
+.....###...
####.....###


You could see an orc.

Vanquished Creatures
  Sigmund (D:2)
  An orc wizard (D:3)
  2 adders
  A worm (D:2)
  An orc (D:3)
  4 ball pythons
  2 endoplasms (D:1)
  2 giant cockroaches (D:2)
  4 hobgoblins
  3 quokkas
  A bat (D:1)
  2 frilled lizards
  2 kobolds
  16 rats
42 creatures vanquished.

Notes
Turn   | Place    | Note
-------+----------+-------------------------------------------
     0 | D:1      | DemonSlayer the Demonspawn Earth Elementalist began the
                  | quest for the Orb.
     0 | D:1      | Reached XP level 1. HP: 13/13 MP: 3/3
   147 | D:1      | Found a faded altar of an unknown god.
   167 | D:1      | Gained mutation: You regenerate a little health from kills.
                  | [demonic ancestry]
   167 | D:1      | Reached XP level 2. HP: 19/19 MP: 3/5
   170 | D:1      | Reached skill level 3 in Earth Magic
   591 | D:1      | Reached skill level 1 in Transmutations
   688 | D:1      | Learned a level 2 spell: Passwall
   816 | D:2      | Identified the +7 whip of Wondrous Power {venom, Drain
                  | rPois rCorr Int+6}
  1074 | D:2      | Reached XP level 3. HP: 24/24 MP: 3/6
  1441 | D:2      | Noticed Sigmund
  1450 | D:2      | Killed Sigmund
  1451 | D:2      | Reached skill level 4 in Earth Magic
  1451 | D:2      | Gained mutation: You have a pair of small antennae on your
                  | head. [demonic ancestry]
  1451 | D:2      | Reached XP level 4. HP: 20/30 MP: 0/9
  1451 | D:2      | Gained mutation: You have a pair of antennae on your head.
                  | [demonic ancestry]
  1451 | D:2      | Reached XP level 5. HP: 23/35 MP: 0/10
  1843 | D:2      | Learned a level 3 spell: Stone Arrow
  1848 | D:2      | Learned a level 4 spell: Petrify
  2058 | D:3      | HP: 1/35 [orc wizard/+1 dagger of protection (3)]
  2061 | D:3      | Slain by an orc

Illustrated notes

Levels and vault maps discovered:
D:1:      dpeg_arrival_short_road, layout_rooms, ebering_ecumenical_altar_mist
D:2:      layout_loops_cross, kennysheep_small_spiral, minmay_rat_gold_closets,
          uniq_sigmund
D:3:      layout_loops_corners, serial_shops, nicolae_square_shop

Skill      XL: |  1  2  3 |
---------------+----------+-----
Dodging        | 2 |  2.1
Earth Magic    | 3 4 |  4.5
Transmutations | 1 |  1.0
Stealth        | 2 |  2.1
Spellcasting   | 3 |  3.9
Fighting       | |  0.1
Maces & Flails | |  0.5

Action                   |  1- 3 |  4- 6 || total
-------------------------+-------+-------++-------
Melee: Unarmed           |     7 |       ||     7
       Whip              |       |    14 ||    14
 Cast: Sandblast         |    42 |    15 ||    57
 Stab: Sleeping          |       |     3 ||     3
Armor: Robe              |       |     1 ||     1
Dodge: Dodged            |    10 |    26 ||    36
